Checkers vs Punishers

Created - December 30, 2024 at 19:01

Goals
1 2 3 T
Checkers 2 2 0 4
Punishers 1 1 4 6
Shots
1 2 3 T
Checkers 15 9 8 32
Punishers 11 7 6 24

1st period

1. Checkers , Nick Abruzzese 6 (Grigori Denisenko 13) at 2:38
2. Punishers , Daniel Audette 13 (Warren Foegele 10, Kole Lind 17) at 8:56
3. Checkers , Dylan Gambrell 11 (Patrick Brown 20, Andrei Svechnikov 28) at 10:18

Penalties :
Timothy Liljegren (Cha) for Interference (Minor) at 17:41

2nd period

4. Checkers , Mitchell Heard 9 (Matt Puempel 6) at 2:48
5. Punishers , Daniel Audette 14 (Kole Lind 18, Warren Foegele 11) at 8:25
6. Checkers , Roberts Lipsbergs 12 (Kale Clague 10, Viktor Baldayev 3) at 15:43

Penalties :
Andrei Svechnikov (Cha) for Tripping (Minor) at 12:08, Dylan Gambrell (Cha) for Slashing (Minor) at 16:28

3rd period

7. Punishers , Adam Ruzicka 11 (Nicolas Beaudin 14, Urho Vaakanainen 6) at 3:15
8. Punishers , Daniel Audette 15 (Warren Foegele 12, Kole Lind 19) at 11:31 (PP)
9. Punishers , Warren Foegele 2 (Daniel Audette 19, Ben Betker 8) at 15:12
10. Punishers , Kole Lind 11 (Daniel Audette 20, Niko Mikkola 14) at 16:00

Penalties :
Karson Kuhlman (Pro) for Interference (Minor) at 0:22, Grigori Denisenko (Cha) for Delaying the game (Minor) at 11:24, Mitchell Heard (Cha) for Slashing (Minor) at 17:38

Goalie Stats

Joseph Woll (Cha), 18 saves from 24 shots - (0.750), L, 11-8-2, 60:00 minutes
Antoine Bibeau (Pro), 28 saves from 32 shots - (0.875), W, 12-8-2, 60:00 minutes

Players Stats for Checkers

Player Name              G  A  P  +/- PIM S  H  SB GA TA FO     MP     PP MP  PK MP  
------------------------------------------------------------------------------------
Andrei Svechnikov        0  1  1  -1  2   3  0  2  1  0  2/3    17:35   1:04   0:00 
Austin Poganski          0  0  0   0  0   0  0  0  0  0  1/1    13:06   0:00   1:31 
Dylan Gambrell           1  0  1  -1  2   6  1  2  0  1  18/29  20:30   1:04   2:45 
Grigori Denisenko        0  1  1   0  2   1  0  0  0  0  0/0    13:47   0:55   0:00 
John Draeger             0  0  0  -2  0   2  0  2  1  2  0/0    25:13   0:36   4:20 
Jordan Harris            0  0  0  -1  0   1  0  2  0  0  0/0    12:27   0:00   0:24 
Kale Clague              0  1  1   2  0   3  1  0  1  0  0/0    22:20   1:23   3:19 
Kieffer Bellows          0  0  0   0  0   0  1  1  0  0  0/0    13:48   0:55   0:00 
Matt Puempel             0  1  1   0  0   2  0  1  0  1  0/1    14:11   0:00   1:52 
Michael Anderson         0  0  0  -1  0   1  0  0  0  0  0/0    13:32   0:36   0:34 
Mitchell Heard           1  0  1   0  2   3  2  0  0  0  7/13   15:56   0:00   3:23 
Nick Abruzzese           1  0  1   0  0   3  2  0  0  0  8/15   15:36   0:55   1:41 
Patrick Brown            0  1  1  -1  0   2  2  0  0  1  1/1    21:56   1:04   4:27 
Roberts Lipsbergs        1  0  1   0  0   2  1  0  0  0  0/0     8:27   0:00   0:13 
Shane Bowers             0  0  0   0  0   0  0  0  0  0  2/2     8:28   0:00   0:14 
Timothy Liljegren        0  0  0  -2  2   2  0  5  2  1  0/0    25:37   1:23   3:19 
Tyce Thompson            0  0  0   0  0   0  0  0  0  0  0/0     8:14   0:00   0:00 
Viktor Baldayev          0  1  1   2  0   1  1  1  0  0  0/0    21:09   0:00   4:10 

Players Stats for Punishers

Player Name              G  A  P  +/- PIM S  H  SB GA TA FO     MP     PP MP  PK MP  
------------------------------------------------------------------------------------
Adam Ruzicka             1  0  1   0  0   4  1  0  0  0  5/9    13:34   0:00   0:43 
Ben Betker               0  1  1   1  0   0  2  1  0  0  0/0    27:14   4:40   1:10 
Ben Meyers               0  0  0   0  0   1  1  0  0  0  0/2     6:34   0:00   0:00 
Braden Tracey            0  0  0   0  0   0  1  0  0  0  0/0    13:19   0:00   0:33 
Carson Meyer             0  0  0   0  0   0  1  0  0  0  0/0    12:46   0:00   0:00 
Daniel Audette           3  2  5   2  0   7  0  1  0  0  7/14   19:15   3:43   0:00 
Jesse Ylonen             0  0  0   0  0   1  0  0  0  0  0/0     7:21   0:00   0:47 
Karson Kuhlman           0  0  0  -1  2   0  3  0  0  0  13/35  19:10   4:05   0:00 
Kole Lind                1  3  4   2  0   2  1  0  0  0  0/0    19:15   3:43   0:00 
Kurtis Gabriel           0  0  0  -1  0   3  1  0  1  0  1/3    19:03   4:20   0:00 
Lassi Thomson            0  0  0  -1  0   0  0  1  0  0  0/0    12:38   0:00   0:00 
Nicolas Beaudin          0  1  1   1  0   0  1  0  1  1  0/0    20:08   3:23   0:49 
Niko Mikkola             0  1  1   1  0   1  3  4  0  0  0/0    27:14   4:40   1:10 
Oskar Lindblom           0  0  0  -1  0   4  3  2  3  3  0/2    24:54   4:20   0:59 
Rasmus Sandin            0  0  0  -1  0   0  0  1  0  0  0/0    12:38   0:00   0:00 
Ryan Suzuki              0  0  0   0  0   0  0  0  0  0  0/0     2:33   0:15   0:00 
Urho Vaakanainen         0  1  1   1  0   0  0  0  0  1  0/0    20:08   3:23   0:49 
Warren Foegele           1  3  4   2  0   1  1  0  1  0  0/0    20:16   3:43   0:56 

3 Stars

1 - Daniel Audette (Pro)
2 - Warren Foegele (Pro)
3 - Kole Lind (Pro)

Power Play

Checkers - 0 on 1 Attempt(s) - 0.00%
Punishers - 1 on 5 Attempt(s) - 20.00%

Penalty Kill

Checkers - 4 on 5 Attempt(s) - 80.00% - Score 0 goal in Penalty Kill
Punishers - 1 on 1 Attempt(s) - 100.00% - Score 0 goal in Penalty Kill

Team Stat

Checkers - Hits : 11 - Faceoff Wins : 39 - Blocked Shots : 16 - Penalty Minutes : 10
Punishers - Hits : 19 - Faceoff Wins : 26 - Blocked Shots : 10 - Penalty Minutes : 2

Official

Referees : Jacob Brenk and Conor O'Donnell
Linesman : Brandon Gawryletz and Scott Cherrey

Game Notes

Daniel Audette has scored a Hat Trick!

Finance

Level 1 -- Attendance: 1955 (97.75%) -- Ticket Income $136,850
Level 2 -- Attendance: 1000 (100.00%) -- Ticket Income $40,000
Total Attendance: 2955 (98.50%)
Total Ticket Income: $176,850
Other Income: $8,842
Total Income: $185,692

Checkers

5 vs 5 Forward 
   Center                   Left Wing                Right Wing               Time % Phy DF OF 
 1 Dylan Gambrell           Andrei Svechnikov        Patrick Brown            40     0   2  3  
 2 Nick Abruzzese           Grigori Denisenko        Kieffer Bellows          30     0   2  3  
 3 Mitchell Heard           Matt Puempel             Austin Poganski          20     0   2  3  
 4 Shane Bowers             Roberts Lipsbergs        Tyce Thompson            10     0   2  3  

5 vs 5 Defense 
   Defense                  Defense                                           Time % Phy DF OF 
 1 Timothy Liljegren        John Draeger                                      40     0   2  3  
 2 Kale Clague              Viktor Baldayev                                   30     0   2  3  
 3 Michael Anderson         Jordan Harris                                     20     0   2  3  
 4 Timothy Liljegren        John Draeger                                      10     0   2  3  

PowerPlay Forward 
   Center                   Left Wing                Right Wing               Time % Phy DF OF 
 1 Dylan Gambrell           Andrei Svechnikov        Patrick Brown            60     0   1  4  
 2 Nick Abruzzese           Grigori Denisenko        Kieffer Bellows          40     0   1  4  

PowerPlay Defense
   Defense                  Defense                                           Time % Phy DF OF 
 1 Timothy Liljegren        Kale Clague                                       60     0   2  3  
 2 John Draeger             Michael Anderson                                  40     0   2  3  

Penalty Kill 4 Players Forward 
   Center                   Wing                     Time % Phy DF OF 
 1 Mitchell Heard           Patrick Brown            60     0   3  2  
 2 Dylan Gambrell           Austin Poganski          40     0   3  2  

Penalty Kill 4 Players Defense
   Defense                  Defense                  Time % Phy DF OF 
 1 Timothy Liljegren        John Draeger             60     0   4  1  
 2 Kale Clague              Viktor Baldayev          40     0   4  1  

Penalty Kill - 3 Players Forward 
   Forward                                           Time % Phy DF OF 
 1 Patrick Brown                                     60     0   3  2  
 2 Mitchell Heard                                    40     0   3  2  

Penalty Kill - 3 Players Defense
   Defense                  Defense                  Time % Phy DF OF 
 1 Timothy Liljegren        John Draeger             60     0   4  1  
 2 Kale Clague              Viktor Baldayev          40     0   4  1  

4 vs 4 Forward 
   Center                   Wing                     Time % Phy DF OF 
 1 Dylan Gambrell           Andrei Svechnikov        60     0   2  3  
 2 Nick Abruzzese           Patrick Brown            40     0   2  3  

4 vs 4 Defense
   Defense                  Defense                  Time % Phy DF OF 
 1 Timothy Liljegren        John Draeger             60     0   2  3  
 2 Kale Clague              Viktor Baldayev          40     0   2  3  

Last Minutes Offensive
   Center                   Left Wing                Right Wing               Defense                  Defense                  
   Dylan Gambrell           Andrei Svechnikov        Patrick Brown            Timothy Liljegren        John Draeger             

Last Minutes Defensive
   Center                   Left Wing                Right Wing               Defense                  Defense                  
   Mitchell Heard           Roberts Lipsbergs        Patrick Brown            John Draeger             Viktor Baldayev          

Goaltenders
Starting : Joseph Woll              
Backup : Arvid Soderblom          

Extra Forwards
Normal : Nick Abruzzese, Andrei Svechnikov, Dylan Gambrell - PP : Grigori Denisenko, Andrei Svechnikov - PK : Patrick Brown
Extra Defensemen
Normal : Kale Clague, Timothy Liljegren, John Draeger - PP : Michael Anderson - PK : Viktor Baldayev, John Draeger
Penalty Shots
Andrei Svechnikov, Patrick Brown, Roberts Lipsbergs, Nick Abruzzese, Shane Bowers
Custom OT Lines Forwards
Dylan Gambrell, Andrei Svechnikov, Patrick Brown, Grigori Denisenko, Kieffer Bellows, Nick Abruzzese, Mitchell Heard, Matt Puempel, Roberts Lipsbergs, Shane Bowers
Custom OT Lines Defensemen
Timothy Liljegren, Kale Clague, John Draeger, Viktor Baldayev, Michael Anderson

Scratches
Brett Pollock (Healthy), Jared McIsaac (Healthy), Mikhail Abramov (Healthy), Mattias Norlinder (Healthy), Nathan Legare (Healthy)
Kirill Ustimenko (Healthy)

Punishers

5 vs 5 Forward 
   Center                   Left Wing                Right Wing               Time % Phy DF OF 
 1 Karson Kuhlman           Oskar Lindblom           Kurtis Gabriel           40     1   2  2  
 2 Daniel Audette           Warren Foegele           Kole Lind                30     1   2  2  
 3 Adam Ruzicka             Braden Tracey            Carson Meyer             20     1   2  2  
 4 Ben Meyers               Oskar Lindblom           Jesse Ylonen             10     1   2  2  

5 vs 5 Defense 
   Defense                  Defense                                           Time % Phy DF OF 
 1 Ben Betker               Niko Mikkola                                      40     1   2  2  
 2 Nicolas Beaudin          Urho Vaakanainen                                  30     1   2  2  
 3 Rasmus Sandin            Lassi Thomson                                     20     1   2  2  
 4 Ben Betker               Niko Mikkola                                      10     1   2  2  

PowerPlay Forward 
   Center                   Left Wing                Right Wing               Time % Phy DF OF 
 1 Karson Kuhlman           Oskar Lindblom           Kurtis Gabriel           60     1   2  2  
 2 Daniel Audette           Warren Foegele           Kole Lind                40     1   2  2  

PowerPlay Defense
   Defense                  Defense                                           Time % Phy DF OF 
 1 Ben Betker               Niko Mikkola                                      60     1   2  2  
 2 Nicolas Beaudin          Urho Vaakanainen                                  40     1   2  2  

Penalty Kill 4 Players Forward 
   Center                   Wing                     Time % Phy DF OF 
 1 Oskar Lindblom           Karson Kuhlman           60     1   2  2  
 2 Daniel Audette           Kurtis Gabriel           40     1   2  2  

Penalty Kill 4 Players Defense
   Defense                  Defense                  Time % Phy DF OF 
 1 Ben Betker               Niko Mikkola             60     1   2  2  
 2 Nicolas Beaudin          Urho Vaakanainen         40     1   2  2  

Penalty Kill - 3 Players Forward 
   Forward                                           Time % Phy DF OF 
 1 Oskar Lindblom                                    60     1   2  2  
 2 Karson Kuhlman                                    40     1   2  2  

Penalty Kill - 3 Players Defense
   Defense                  Defense                  Time % Phy DF OF 
 1 Ben Betker               Niko Mikkola             60     1   2  2  
 2 Nicolas Beaudin          Urho Vaakanainen         40     1   2  2  

4 vs 4 Forward 
   Center                   Wing                     Time % Phy DF OF 
 1 Oskar Lindblom           Karson Kuhlman           60     1   2  2  
 2 Daniel Audette           Kurtis Gabriel           40     1   2  2  

4 vs 4 Defense
   Defense                  Defense                  Time % Phy DF OF 
 1 Ben Betker               Niko Mikkola             60     1   2  2  
 2 Nicolas Beaudin          Urho Vaakanainen         40     1   2  2  

Last Minutes Offensive
   Center                   Left Wing                Right Wing               Defense                  Defense                  
   Karson Kuhlman           Oskar Lindblom           Kurtis Gabriel           Ben Betker               Niko Mikkola             

Last Minutes Defensive
   Center                   Left Wing                Right Wing               Defense                  Defense                  
   Karson Kuhlman           Oskar Lindblom           Kurtis Gabriel           Ben Betker               Niko Mikkola             

Goaltenders
Starting : Antoine Bibeau           
Backup : Cal Petersen             

Extra Forwards
Normal : Ryan Suzuki, Carson Meyer, Jesse Ylonen - PP : Ryan Suzuki, Carson Meyer - PK : Jesse Ylonen
Extra Defensemen
Normal : Rasmus Sandin, Lassi Thomson, Nicolas Beaudin - PP : Rasmus Sandin - PK : Lassi Thomson, Nicolas Beaudin
Penalty Shots
Oskar Lindblom, Karson Kuhlman, Daniel Audette, Kurtis Gabriel, Kole Lind
Custom OT Lines Forwards
Oskar Lindblom, Karson Kuhlman, Daniel Audette, Kurtis Gabriel, Kole Lind, Warren Foegele, Carson Meyer, Jesse Ylonen, Adam Ruzicka, Ben Meyers
Custom OT Lines Defensemen
Ben Betker, Niko Mikkola, Nicolas Beaudin, Urho Vaakanainen, Rasmus Sandin

Scratches
Joel Kiviranta (Healthy), Noah Juulsen (Healthy), Jack Ahcan (Healthy), Marcus Karlberg (Healthy), Jack LaFontaine (Healthy)
Carter Gylander (Healthy)

% Time on Ice - Checkers

Lines # - Real PCT - Wanted PCT - Time Play
Normal Forward
1 - 35% - 40% - 17:23
2 - 26% - 30% - 12:53
3 - 23% - 20% - 11:28
4 - 16% - 10% - 8:14
Normal Defense
1 - 38% - 40% - 19:14
2 - 34% - 30% - 16:59
3 - 24% - 20% - 12:03
4 - 3% - 10% - 1:42
PP Forward
1 - 54% - 60% - 1:04
2 - 46% - 40% - 0:55
PP Defense
1 - 70% - 60% - 1:23
2 - 30% - 40% - 0:36
PK Forward
1 - 81% - 60% - 6:32
2 - 19% - 40% - 1:31
PK Defense
1 - 59% - 60% - 4:44
2 - 41% - 40% - 3:19
PK3 Forward
1 - 0% - 60%
2 - 0% - 40%
PK3 Defense
1 - 0% - 60%
2 - 0% - 40%
44 Forward
1 - 0% - 60%
2 - 0% - 40%
44 Defense
1 - 0% - 60%
2 - 0% - 40%
Last Minute Offensive  - 0:00
Last Minute Defensive  - 0:00
Total
Forward - 60:00
Defense - 60:00

% Time on Ice - Punishers

Lines # - Real PCT - Wanted PCT - Time Play
Normal Forward
1 - 30% - 40% - 15:06
2 - 31% - 30% - 15:32
3 - 26% - 20% - 12:46
4 - 13% - 10% - 6:34
Normal Defense
1 - 38% - 40% - 18:45
2 - 32% - 30% - 15:56
3 - 25% - 20% - 12:38
4 - 5% - 10% - 2:39
PP Forward
1 - 54% - 60% - 4:20
2 - 46% - 40% - 3:43
PP Defense
1 - 58% - 60% - 4:40
2 - 42% - 40% - 3:23
PK Forward
1 - 100% - 60% - 1:59
2 - 0% - 40% - 0:00
PK Defense
1 - 59% - 60% - 1:10
2 - 41% - 40% - 0:49
PK3 Forward
1 - 0% - 60%
2 - 0% - 40%
PK3 Defense
1 - 0% - 60%
2 - 0% - 40%
44 Forward
1 - 0% - 60%
2 - 0% - 40%
44 Defense
1 - 0% - 60%
2 - 0% - 40%
Last Minute Offensive  - 0:00
Last Minute Defensive  - 0:00
Total
Forward - 60:00
Defense - 60:00

Play-by-Play

1st period


0:01 of 1st period - Dylan Gambrell wins face-off versus Kurtis Gabriel in neutral zone.
0:31 of 1st period - Slapshot by Timothy Liljegren.
0:31 of 1st period - Shot Misses the Net.
1:15 of 1st period - Wrist shot by Jesse Ylonen.
1:15 of 1st period - Stopped by Joseph Woll without a rebound.
1:16 of 1st period - Dylan Gambrell wins face-off versus Ben Meyers in Checkers zone.
1:31 of 1st period - Snap shot by Andrei Svechnikov.
1:31 of 1st period - Shot Misses the Net.
1:47 of 1st period - Off-side.
1:48 of 1st period - Daniel Audette wins face-off versus Mitchell Heard in neutral zone.
1:50 of 1st period - Off-side.
1:51 of 1st period - Karson Kuhlman wins face-off versus Mitchell Heard in neutral zone.
2:21 of 1st period - Niko Mikkola is hit by Dylan Gambrell and loses puck.
2:38 of 1st period - Snap shot by Nick Abruzzese.
2:38 of 1st period - Goal by Nick Abruzzese - Checkers : 1 - Punishers : 0.
2:39 of 1st period - Karson Kuhlman wins face-off versus Nick Abruzzese in neutral zone.
2:41 of 1st period - Off-side.
2:42 of 1st period - Karson Kuhlman wins face-off versus Nick Abruzzese in neutral zone.
2:58 of 1st period - Icing by Kieffer Bellows.
2:59 of 1st period - Nick Abruzzese wins face-off versus Daniel Audette in Checkers zone.
3:24 of 1st period - Wrist shot by Grigori Denisenko.
3:24 of 1st period - Shot Blocked by Niko Mikkola.
3:30 of 1st period - Slapshot by Grigori Denisenko.
3:30 of 1st period - Shot Misses the Net.
3:32 of 1st period - Slapshot by John Draeger.
3:32 of 1st period - Shot Blocked by Daniel Audette.
3:34 of 1st period - Snap shot by Timothy Liljegren.
3:34 of 1st period - Stopped by Antoine Bibeau without a rebound.
3:35 of 1st period - Karson Kuhlman wins face-off versus Dylan Gambrell in Punishers zone.
3:40 of 1st period - Wrist shot by Oskar Lindblom.
3:40 of 1st period - Shot Misses the Net.
4:07 of 1st period - Wrist shot by Austin Poganski.
4:07 of 1st period - Shot Misses the Net.
4:09 of 1st period - Snap shot by Michael Anderson.
4:09 of 1st period - Stopped by Antoine Bibeau without a rebound.
4:10 of 1st period - Karson Kuhlman wins face-off versus Andrei Svechnikov in Punishers zone.
4:35 of 1st period - Michael Anderson is hit by Carson Meyer and loses puck.
5:02 of 1st period - Snap shot by Matt Puempel.
5:02 of 1st period - Stopped by Antoine Bibeau without a rebound.
5:03 of 1st period - Dylan Gambrell wins face-off versus Karson Kuhlman in Punishers zone.
5:04 of 1st period - Wrist shot by Andrei Svechnikov.
5:04 of 1st period - Stopped by Antoine Bibeau with a rebound.
5:19 of 1st period - Icing by Ben Betker.
5:20 of 1st period - Nick Abruzzese wins face-off versus Karson Kuhlman in Punishers zone.
5:49 of 1st period - Snap shot by Oskar Lindblom.
5:49 of 1st period - Stopped by Joseph Woll with a rebound.
5:51 of 1st period - Snap shot by Ben Betker.
5:51 of 1st period - Shot Misses the Net.
5:53 of 1st period - Snap shot by Oskar Lindblom.
5:53 of 1st period - Stopped by Joseph Woll with a rebound.
6:21 of 1st period - Slapshot by Kurtis Gabriel.
6:21 of 1st period - Stopped by Joseph Woll with a rebound.
6:23 of 1st period - Wrist shot by Oskar Lindblom.
6:23 of 1st period - Stopped by Joseph Woll without a rebound.
6:24 of 1st period - Mitchell Heard wins face-off versus Daniel Audette in Checkers zone.
6:26 of 1st period - Icing by Austin Poganski.
6:27 of 1st period - Daniel Audette wins face-off versus Mitchell Heard in Checkers zone.
7:03 of 1st period - Wrist shot by Nick Abruzzese.
7:03 of 1st period - Deflect By Grigori Denisenko.
7:03 of 1st period - Shot Misses the Net.
7:03 of 1st period - Puck is out of play.
7:04 of 1st period - Dylan Gambrell wins face-off versus Daniel Audette in Punishers zone.
7:13 of 1st period - Snap shot by Dylan Gambrell.
7:13 of 1st period - Stopped by Antoine Bibeau without a rebound.
7:14 of 1st period - Dylan Gambrell wins face-off versus Daniel Audette in Punishers zone.
7:20 of 1st period - Icing by Daniel Audette.
7:21 of 1st period - Shane Bowers wins face-off versus Daniel Audette in Punishers zone.
7:26 of 1st period - Snap shot by Roberts Lipsbergs.
7:26 of 1st period - Stopped by Antoine Bibeau with a rebound.
7:38 of 1st period - Wrist shot by Daniel Audette.
7:38 of 1st period - Stopped by Joseph Woll with a rebound.
8:22 of 1st period - Wrist shot by Daniel Audette.
8:22 of 1st period - Stopped by Joseph Woll with a rebound.
8:24 of 1st period - Slapshot by Lassi Thomson.
8:24 of 1st period - Shot Blocked by John Draeger.
8:26 of 1st period - Wrist shot by Kole Lind.
8:26 of 1st period - Shot Misses the Net.
8:34 of 1st period - Snap shot by Kole Lind.
8:34 of 1st period - Stopped by Joseph Woll with a rebound.
8:36 of 1st period - Slapshot by Daniel Audette.
8:36 of 1st period - Shot Misses the Net.
8:54 of 1st period - Wrist shot by Warren Foegele.
8:54 of 1st period - Shot Misses the Net.
8:56 of 1st period - Wrist shot by Daniel Audette.
8:56 of 1st period - Goal by Daniel Audette - Checkers : 1 - Punishers : 1.
8:57 of 1st period - Dylan Gambrell wins face-off versus Karson Kuhlman in neutral zone.
9:08 of 1st period - Wrist shot by Dylan Gambrell.
9:08 of 1st period - Stopped by Antoine Bibeau without a rebound.
9:09 of 1st period - Andrei Svechnikov wins face-off versus Oskar Lindblom in Punishers zone.
9:10 of 1st period - Slapshot by Patrick Brown.
9:10 of 1st period - Shot Misses the Net.
9:12 of 1st period - Snap shot by Patrick Brown.
9:12 of 1st period - Stopped by Antoine Bibeau with a rebound.
9:16 of 1st period - Snap shot by Dylan Gambrell.
9:16 of 1st period - Stopped by Antoine Bibeau without a rebound.
9:17 of 1st period - Dylan Gambrell wins face-off versus Karson Kuhlman in Punishers zone.
9:50 of 1st period - Patrick Brown is hit by Karson Kuhlman and loses puck.
10:16 of 1st period - Slapshot by Patrick Brown.
10:16 of 1st period - Stopped by Antoine Bibeau with a rebound.
10:18 of 1st period - Snap shot by Dylan Gambrell.
10:18 of 1st period - Goal by Dylan Gambrell - Checkers : 2 - Punishers : 1.
10:19 of 1st period - Adam Ruzicka wins face-off versus Nick Abruzzese in neutral zone.
11:01 of 1st period - Wrist shot by Grigori Denisenko.
11:01 of 1st period - Shot Misses the Net.
11:09 of 1st period - Grigori Denisenko is hit by Kole Lind and loses puck.
12:25 of 1st period - Wrist shot by Grigori Denisenko.
12:25 of 1st period - Stopped by Antoine Bibeau with a rebound.
12:42 of 1st period - Snap shot by Daniel Audette.
12:42 of 1st period - Stopped by Joseph Woll with a rebound.
12:44 of 1st period - Slapshot by Kole Lind.
12:44 of 1st period - Deflect By Nick Abruzzese.
12:44 of 1st period - Shot Misses the Net.
12:44 of 1st period - Puck is out of play.
12:45 of 1st period - Mitchell Heard wins face-off versus Ben Meyers in Checkers zone.
14:01 of 1st period - Icing by Austin Poganski.
14:02 of 1st period - Mitchell Heard wins face-off versus Adam Ruzicka in Checkers zone.
14:15 of 1st period - Slapshot by Timothy Liljegren.
14:15 of 1st period - Deflect By Austin Poganski.
14:15 of 1st period - Shot Misses the Net.
14:15 of 1st period - Puck is out of play.
14:16 of 1st period - Karson Kuhlman wins face-off versus Dylan Gambrell in Punishers zone.
14:23 of 1st period - Patrick Brown is hit by Karson Kuhlman and loses puck.
14:49 of 1st period - Snap shot by Adam Ruzicka.
14:49 of 1st period - Shot Blocked by Timothy Liljegren.
15:23 of 1st period - Rasmus Sandin is hit by Roberts Lipsbergs and loses puck.
15:50 of 1st period - Slapshot by Matt Puempel.
15:50 of 1st period - Shot Misses the Net.
16:17 of 1st period - Snap shot by Andrei Svechnikov.
16:17 of 1st period - Shot Misses the Net.
16:51 of 1st period - Timothy Liljegren is hit by Kurtis Gabriel and loses puck.
17:02 of 1st period - Snap shot by Jesse Ylonen.
17:02 of 1st period - Shot Blocked by Timothy Liljegren.
17:04 of 1st period - Snap shot by Ben Meyers.
17:04 of 1st period - Shot Blocked by Timothy Liljegren.
17:10 of 1st period - Snap shot by Ben Meyers.
17:10 of 1st period - Stopped by Joseph Woll without a rebound.
17:11 of 1st period - Adam Ruzicka wins face-off versus Dylan Gambrell in Checkers zone.
17:20 of 1st period - Slapshot by Adam Ruzicka.
17:20 of 1st period - Shot Misses the Net.
17:41 of 1st period - Minor Penalty to Timothy Liljegren for Interference.
17:42 of 1st period - Mitchell Heard wins face-off versus Karson Kuhlman in Checkers zone.
18:32 of 1st period - Wrist shot by Austin Poganski.
18:32 of 1st period - Deflect By Dylan Gambrell.
18:32 of 1st period - Stopped by Antoine Bibeau without a rebound.
18:33 of 1st period - Dylan Gambrell wins face-off versus Daniel Audette in Punishers zone.
18:34 of 1st period - Wrist shot by Austin Poganski.
18:34 of 1st period - Shot Misses the Net.
18:42 of 1st period - Snap shot by Austin Poganski.
18:42 of 1st period - Shot Misses the Net.
18:44 of 1st period - Slapshot by Jordan Harris.
18:44 of 1st period - Deflect By Nicolas Beaudin.
18:44 of 1st period - Stopped by Antoine Bibeau with a rebound.
19:41 of 1st period - Penalty to Timothy Liljegren is over, Timothy Liljegren is back on ice.
19:52 of 1st period - Snap shot by Timothy Liljegren.
19:52 of 1st period - Shot Misses the Net.
19:54 of 1st period - Slapshot by Michael Anderson.
19:54 of 1st period - Shot Misses the Net.
Goals for this period are 2 for Checkers vs 1 for Punishers.
Shots for this period are 15 for Checkers vs 11 for Punishers.

2nd period


0:01 of 2nd period - Dylan Gambrell wins face-off versus Karson Kuhlman in neutral zone.
0:14 of 2nd period - Patrick Brown is hit by Oskar Lindblom and loses puck.
0:25 of 2nd period - Carson Meyer is hit by Kieffer Bellows and loses puck.
0:51 of 2nd period - Wrist shot by Matt Puempel.
0:51 of 2nd period - Stopped by Antoine Bibeau with a rebound.
1:52 of 2nd period - Urho Vaakanainen is hit by Nick Abruzzese and loses puck.
2:08 of 2nd period - Off-side.
2:09 of 2nd period - Daniel Audette wins face-off versus Matt Puempel in neutral zone.
2:48 of 2nd period - Wrist shot by Matt Puempel.
2:48 of 2nd period - Deflect By Mitchell Heard.
2:48 of 2nd period - Goal by Mitchell Heard - Checkers : 3 - Punishers : 1.
2:49 of 2nd period - Dylan Gambrell wins face-off versus Karson Kuhlman in neutral zone.
2:57 of 2nd period - Icing by Karson Kuhlman.
2:58 of 2nd period - Karson Kuhlman wins face-off versus Dylan Gambrell in Punishers zone.
3:19 of 2nd period - Wrist shot by Andrei Svechnikov.
3:19 of 2nd period - Stopped by Antoine Bibeau without a rebound.
3:20 of 2nd period - Adam Ruzicka wins face-off versus Nick Abruzzese in Punishers zone.
3:25 of 2nd period - Snap shot by Adam Ruzicka.
3:25 of 2nd period - Stopped by Joseph Woll without a rebound.
3:26 of 2nd period - Nick Abruzzese wins face-off versus Adam Ruzicka in Checkers zone.
3:34 of 2nd period - Icing by Urho Vaakanainen.
3:35 of 2nd period - Adam Ruzicka wins face-off versus Dylan Gambrell in Punishers zone.
3:40 of 2nd period - Snap shot by Adam Ruzicka.
3:40 of 2nd period - Stopped by Joseph Woll without a rebound.
3:41 of 2nd period - Karson Kuhlman wins face-off versus Dylan Gambrell in Checkers zone.
4:06 of 2nd period - Kieffer Bellows is hit by Braden Tracey and loses puck.
5:00 of 2nd period - Rasmus Sandin is hit by Kale Clague and loses puck.
5:20 of 2nd period - Slapshot by Dylan Gambrell.
5:20 of 2nd period - Shot Blocked by Lassi Thomson.
5:53 of 2nd period - Slapshot by Timothy Liljegren.
5:53 of 2nd period - Shot Misses the Net.
6:05 of 2nd period - Slapshot by Adam Ruzicka.
6:05 of 2nd period - Stopped by Joseph Woll without a rebound.
6:06 of 2nd period - Shane Bowers wins face-off versus Karson Kuhlman in Checkers zone.
6:13 of 2nd period - Slapshot by Kale Clague.
6:13 of 2nd period - Deflect By Kurtis Gabriel.
6:13 of 2nd period - Stopped by Antoine Bibeau with a rebound.
6:58 of 2nd period - John Draeger is hit by Oskar Lindblom and loses puck.
7:19 of 2nd period - Snap shot by Austin Poganski.
7:19 of 2nd period - Deflect By Mitchell Heard.
7:19 of 2nd period - Stopped by Antoine Bibeau with a rebound.
7:40 of 2nd period - Off-side.
7:41 of 2nd period - Daniel Audette wins face-off versus Dylan Gambrell in neutral zone.
8:25 of 2nd period - Wrist shot by Kole Lind.
8:25 of 2nd period - Deflect By Daniel Audette.
8:25 of 2nd period - Goal by Daniel Audette - Checkers : 3 - Punishers : 2.
8:26 of 2nd period - Kurtis Gabriel wins face-off versus Nick Abruzzese in neutral zone.
8:31 of 2nd period - Slapshot by Kurtis Gabriel.
8:31 of 2nd period - Deflect By Timothy Liljegren.
8:31 of 2nd period - Shot Blocked by John Draeger.
8:31 of 2nd period - Puck is out of play.
8:32 of 2nd period - Karson Kuhlman wins face-off versus Nick Abruzzese in Checkers zone.
8:35 of 2nd period - Snap shot by Kurtis Gabriel.
8:35 of 2nd period - Stopped by Joseph Woll with a rebound.
8:37 of 2nd period - Slapshot by Niko Mikkola.
8:37 of 2nd period - Shot Misses the Net.
8:39 of 2nd period - Snap shot by Oskar Lindblom.
8:39 of 2nd period - Shot Blocked by Timothy Liljegren.
8:41 of 2nd period - Snap shot by Oskar Lindblom.
8:41 of 2nd period - Shot Blocked by Kieffer Bellows.
8:43 of 2nd period - Wrist shot by Oskar Lindblom.
8:43 of 2nd period - Shot Misses the Net.
8:45 of 2nd period - Slapshot by Ben Betker.
8:45 of 2nd period - Shot Misses the Net.
8:47 of 2nd period - Wrist shot by Kurtis Gabriel.
8:47 of 2nd period - Stopped by Joseph Woll without a rebound.
8:48 of 2nd period - Karson Kuhlman wins face-off versus Dylan Gambrell in Checkers zone.
8:51 of 2nd period - Slapshot by Oskar Lindblom.
8:51 of 2nd period - Shot Misses the Net.
9:40 of 2nd period - Snap shot by Ben Betker.
9:40 of 2nd period - Shot Misses the Net.
9:58 of 2nd period - Patrick Brown is hit by Ben Betker and loses puck.
10:05 of 2nd period - Snap shot by Oskar Lindblom.
10:05 of 2nd period - Shot Blocked by Andrei Svechnikov.
10:07 of 2nd period - Wrist shot by Ben Betker.
10:07 of 2nd period - Shot Blocked by Dylan Gambrell.
10:21 of 2nd period - Wrist shot by Daniel Audette.
10:21 of 2nd period - Shot Misses the Net.
10:23 of 2nd period - Wrist shot by Daniel Audette.
10:23 of 2nd period - Shot Blocked by Jordan Harris.
11:37 of 2nd period - Carson Meyer is hit by Mitchell Heard and loses puck.
11:58 of 2nd period - Icing by Matt Puempel.
11:59 of 2nd period - Austin Poganski wins face-off versus Karson Kuhlman in Checkers zone.
12:08 of 2nd period - Minor Penalty to Andrei Svechnikov for Tripping.
12:09 of 2nd period - Mitchell Heard wins face-off versus Kurtis Gabriel in Checkers zone.
12:21 of 2nd period - Slapshot by Niko Mikkola.
12:21 of 2nd period - Shot Misses the Net.
12:23 of 2nd period - Snap shot by Oskar Lindblom.
12:23 of 2nd period - Stopped by Joseph Woll without a rebound.
12:24 of 2nd period - Karson Kuhlman wins face-off versus Mitchell Heard in Checkers zone.
14:08 of 2nd period - Penalty to Andrei Svechnikov is over, Andrei Svechnikov is back on ice.
14:39 of 2nd period - John Draeger is hit by Ben Meyers and loses puck.
15:15 of 2nd period - Icing by Roberts Lipsbergs.
15:16 of 2nd period - Mitchell Heard wins face-off versus Adam Ruzicka in Checkers zone.
15:23 of 2nd period - Slapshot by Kale Clague.
15:23 of 2nd period - Stopped by Antoine Bibeau with a rebound.
15:25 of 2nd period - Slapshot by Viktor Baldayev.
15:25 of 2nd period - Stopped by Antoine Bibeau with a rebound.
15:27 of 2nd period - Slapshot by Kale Clague.
15:27 of 2nd period - Stopped by Antoine Bibeau with a rebound.
15:31 of 2nd period - Snap shot by Matt Puempel.
15:31 of 2nd period - Shot Misses the Net.
15:43 of 2nd period - Backhand shot by Roberts Lipsbergs.
15:43 of 2nd period - Goal by Roberts Lipsbergs - Checkers : 4 - Punishers : 2.
15:44 of 2nd period - Dylan Gambrell wins face-off versus Karson Kuhlman in neutral zone.
15:47 of 2nd period - Slapshot by Kale Clague.
15:47 of 2nd period - Shot Blocked by Oskar Lindblom.
15:59 of 2nd period - Slapshot by Kale Clague.
15:59 of 2nd period - Shot Misses the Net.
16:24 of 2nd period - Snap shot by Oskar Lindblom.
16:24 of 2nd period - Deflect By Viktor Baldayev.
16:24 of 2nd period - Shot Blocked by Viktor Baldayev.
16:24 of 2nd period - Puck is out of play.
16:25 of 2nd period - Daniel Audette wins face-off versus Dylan Gambrell in Checkers zone.
16:26 of 2nd period - Wrist shot by Kole Lind.
16:26 of 2nd period - Shot Blocked by Timothy Liljegren.
16:28 of 2nd period - Minor Penalty to Dylan Gambrell for Slashing.
16:29 of 2nd period - Mitchell Heard wins face-off versus Karson Kuhlman in Checkers zone.
17:09 of 2nd period - Slapshot by Ben Betker.
17:09 of 2nd period - Shot Misses the Net.
18:28 of 2nd period - Penalty to Dylan Gambrell is over, Dylan Gambrell is back on ice.
19:47 of 2nd period - Grigori Denisenko is hit by Nicolas Beaudin and loses puck.
Goals for this period are 2 for Checkers vs 1 for Punishers.
Shots for this period are 9 for Checkers vs 7 for Punishers.

3rd period


0:01 of 3rd period - Patrick Brown wins face-off versus Karson Kuhlman in neutral zone.
0:07 of 3rd period - John Draeger is hit by Niko Mikkola and loses puck.
0:22 of 3rd period - Minor Penalty to Karson Kuhlman for Interference.
0:23 of 3rd period - Dylan Gambrell wins face-off versus Oskar Lindblom in Punishers zone.
2:18 of 3rd period - Icing by Nick Abruzzese.
2:19 of 3rd period - Nick Abruzzese wins face-off versus Adam Ruzicka in Checkers zone.
2:22 of 3rd period - Penalty to Karson Kuhlman is over, Karson Kuhlman is back on ice.
2:30 of 3rd period - Austin Poganski is hit by Oskar Lindblom and loses puck.
3:13 of 3rd period - Slapshot by Nicolas Beaudin.
3:13 of 3rd period - Shot Blocked by Jordan Harris.
3:15 of 3rd period - Wrist shot by Adam Ruzicka.
3:15 of 3rd period - Goal by Adam Ruzicka - Checkers : 4 - Punishers : 3.
3:16 of 3rd period - Andrei Svechnikov wins face-off versus Karson Kuhlman in neutral zone.
3:23 of 3rd period - Slapshot by Michael Anderson.
3:23 of 3rd period - Shot Blocked by Niko Mikkola.
3:25 of 3rd period - Slapshot by Dylan Gambrell.
3:25 of 3rd period - Stopped by Antoine Bibeau with a rebound.
3:27 of 3rd period - Snap shot by Dylan Gambrell.
3:27 of 3rd period - Shot Misses the Net.
3:29 of 3rd period - Slapshot by Andrei Svechnikov.
3:29 of 3rd period - Shot Misses the Net.
3:41 of 3rd period - Michael Anderson is hit by Warren Foegele and loses puck.
4:30 of 3rd period - Wrist shot by Dylan Gambrell.
4:30 of 3rd period - Shot Blocked by Ben Betker.
5:02 of 3rd period - Off-side.
5:03 of 3rd period - Nick Abruzzese wins face-off versus Karson Kuhlman in neutral zone.
5:15 of 3rd period - Slapshot by Timothy Liljegren.
5:15 of 3rd period - Shot Misses the Net.
5:38 of 3rd period - Snap shot by Kole Lind.
5:38 of 3rd period - Shot Blocked by Dylan Gambrell.
6:10 of 3rd period - Jesse Ylonen is hit by Nick Abruzzese.
6:54 of 3rd period - Wrist shot by Andrei Svechnikov.
6:54 of 3rd period - Shot Misses the Net.
7:10 of 3rd period - Snap shot by Carson Meyer.
7:10 of 3rd period - Deflect By Mitchell Heard.
7:10 of 3rd period - Shot Misses the Net.
7:10 of 3rd period - Puck is out of play.
7:11 of 3rd period - Adam Ruzicka wins face-off versus Nick Abruzzese in Checkers zone.
7:12 of 3rd period - Snap shot by Carson Meyer.
7:12 of 3rd period - Shot Misses the Net.
7:18 of 3rd period - Slapshot by Timothy Liljegren.
7:18 of 3rd period - Stopped by Antoine Bibeau with a rebound.
7:20 of 3rd period - Slapshot by Timothy Liljegren.
7:20 of 3rd period - Shot Misses the Net.
7:22 of 3rd period - Slapshot by John Draeger.
7:22 of 3rd period - Shot Blocked by Niko Mikkola.
7:36 of 3rd period - Ben Betker is hit by Mitchell Heard and loses puck.
7:59 of 3rd period - Slapshot by Niko Mikkola.
7:59 of 3rd period - Shot Blocked by Andrei Svechnikov.
8:05 of 3rd period - Oskar Lindblom is hit by Patrick Brown and loses puck.
9:34 of 3rd period - Snap shot by Mitchell Heard.
9:34 of 3rd period - Stopped by Antoine Bibeau without a rebound.
9:35 of 3rd period - Dylan Gambrell wins face-off versus Karson Kuhlman in Punishers zone.
10:11 of 3rd period - Backhand shot by Michael Anderson.
10:11 of 3rd period - Shot Misses the Net.
10:13 of 3rd period - Snap shot by Grigori Denisenko.
10:13 of 3rd period - Shot Misses the Net.
10:23 of 3rd period - Slapshot by Lassi Thomson.
10:23 of 3rd period - Shot Blocked by Matt Puempel.
11:24 of 3rd period - Minor Penalty to Grigori Denisenko for Delaying the game.
11:25 of 3rd period - Daniel Audette wins face-off versus Mitchell Heard in Checkers zone.
11:31 of 3rd period - Snap shot by Daniel Audette.
11:31 of 3rd period - Goal by Daniel Audette - Checkers : 4 - Punishers : 4.
11:32 of 3rd period - Dylan Gambrell wins face-off versus Karson Kuhlman in neutral zone.
11:39 of 3rd period - Wrist shot by Andrei Svechnikov.
11:39 of 3rd period - Shot Blocked by Oskar Lindblom.
11:41 of 3rd period - Snap shot by John Draeger.
11:41 of 3rd period - Stopped by Antoine Bibeau without a rebound.
11:42 of 3rd period - Dylan Gambrell wins face-off versus Karson Kuhlman in Punishers zone.
11:55 of 3rd period - Slapshot by Ben Betker.
11:55 of 3rd period - Deflect By Kurtis Gabriel.
11:55 of 3rd period - Shot Misses the Net.
11:55 of 3rd period - Puck is out of play.
11:56 of 3rd period - Nick Abruzzese wins face-off versus Karson Kuhlman in Checkers zone.
11:56 of 3rd period - Nick Abruzzese is hit by Karson Kuhlman.
12:04 of 3rd period - Wrist shot by Nick Abruzzese.
12:04 of 3rd period - Stopped by Antoine Bibeau without a rebound.
12:05 of 3rd period - Nick Abruzzese wins face-off versus Karson Kuhlman in Punishers zone.
12:10 of 3rd period - Wrist shot by Nick Abruzzese.
12:10 of 3rd period - Stopped by Antoine Bibeau without a rebound.
12:11 of 3rd period - Dylan Gambrell wins face-off versus Karson Kuhlman in Punishers zone.
12:24 of 3rd period - Snap shot by Oskar Lindblom.
12:24 of 3rd period - Shot Misses the Net.
13:58 of 3rd period - Slapshot by Timothy Liljegren.
13:58 of 3rd period - Shot Blocked by Rasmus Sandin.
14:00 of 3rd period - Snap shot by Nick Abruzzese.
14:00 of 3rd period - Shot Misses the Net.
14:02 of 3rd period - Snap shot by Nick Abruzzese.
14:02 of 3rd period - Shot Misses the Net.
14:13 of 3rd period - Off-side.
14:14 of 3rd period - Daniel Audette wins face-off versus Mitchell Heard in neutral zone.
14:23 of 3rd period - Kale Clague is hit by Niko Mikkola and loses puck.
14:37 of 3rd period - Matt Puempel is hit by Ben Betker and loses puck.
14:52 of 3rd period - Niko Mikkola is hit by Viktor Baldayev and loses puck.
15:08 of 3rd period - Slapshot by Ben Betker.
15:08 of 3rd period - Shot Misses the Net.
15:10 of 3rd period - Wrist shot by Daniel Audette.
15:10 of 3rd period - Stopped by Joseph Woll with a rebound.
15:12 of 3rd period - Wrist shot by Warren Foegele.
15:12 of 3rd period - Goal by Warren Foegele - Checkers : 4 - Punishers : 5.
15:13 of 3rd period - Karson Kuhlman wins face-off versus Dylan Gambrell in neutral zone.
15:42 of 3rd period - Kieffer Bellows is hit by Adam Ruzicka and loses puck.
15:48 of 3rd period - Icing by John Draeger.
15:49 of 3rd period - Nick Abruzzese wins face-off versus Daniel Audette in Checkers zone.
16:00 of 3rd period - Snap shot by Kole Lind.
16:00 of 3rd period - Goal by Kole Lind - Checkers : 4 - Punishers : 6.
16:01 of 3rd period - Karson Kuhlman wins face-off versus Dylan Gambrell in neutral zone.
16:10 of 3rd period - Wrist shot by Andrei Svechnikov.
16:10 of 3rd period - Shot Misses the Net.
16:12 of 3rd period - Slapshot by John Draeger.
16:12 of 3rd period - Stopped by Antoine Bibeau with a rebound.
16:14 of 3rd period - Slapshot by Patrick Brown.
16:14 of 3rd period - Shot Misses the Net.
16:31 of 3rd period - Slapshot by Kale Clague.
16:31 of 3rd period - Shot Blocked by Niko Mikkola.
16:51 of 3rd period - Backhand shot by Adam Ruzicka.
16:51 of 3rd period - Shot Misses the Net.
16:53 of 3rd period - Slapshot by Niko Mikkola.
16:53 of 3rd period - Shot Misses the Net.
16:55 of 3rd period - Slapshot by Niko Mikkola.
16:55 of 3rd period - Stopped by Joseph Woll without a rebound.
16:56 of 3rd period - Dylan Gambrell wins face-off versus Karson Kuhlman in Checkers zone.
17:23 of 3rd period - Slapshot by Mitchell Heard.
17:23 of 3rd period - Shot Misses the Net.
17:38 of 3rd period - Minor Penalty to Mitchell Heard for Slashing.
17:39 of 3rd period - Dylan Gambrell wins face-off versus Karson Kuhlman in Checkers zone.
19:07 of 3rd period - Viktor Baldayev is hit by Niko Mikkola and loses puck.
19:38 of 3rd period - Penalty to Mitchell Heard is over, Mitchell Heard is back on ice.
19:48 of 3rd period - Oskar Lindblom is hit by Patrick Brown and loses puck.
19:59 of 3rd period - Snap shot by Andrei Svechnikov.
19:59 of 3rd period - Stopped by Antoine Bibeau with a rebound.
Goals for this period are 0 for Checkers vs 4 for Punishers.
Shots for this period are 8 for Checkers vs 6 for Punishers.